 Dungeon Crawl Stone Soup version 0.20.1-1-g8b1a95d (webtiles) character file.

180 dest the Conjurer (level 5, -1/28 HPs)
             Began as a Deep Elf Conjurer on Nov 29, 2017.
             Slain by a scorpion (9 damage)
             ... on level 3 of the Dungeon on Dec 14, 2017.
             The game lasted 00:33:17 (3589 turns).

dest the Conjurer (Deep Elf Conjurer)               Turns: 3589, Time: 00:33:17

Health: -1/28      AC:  2    Str:  5    XL:     5   Next: 33%
Magic:  3/14       EV: 13    Int: 23    God:
Gold:   145        SH:  0    Dex: 15    Spells: 6/14 levels left

rFire    . . .     SeeInvis .   u - +2 whip (elec)
rCold    . . .     Gourm    .   (no shield)
rNeg     . . .     Faith    +   a - +0 robe
rPois    .         Spirit   .   (no helmet)
rElec    .         Reflect  .   (no cloak)
rCorr    .         Harm     .   (no gloves)
MR       .....                  (no boots)
Stlth    ++........             r - amulet of faith
Regen    0.1/turn               n - +2 ring of intelligence
MPRegen  0.2/turn               (no ring)

@: no status effects
A: no striking features
a: no special abilities


You were on level 3 of the Dungeon.
You were not hungry.

You visited 1 branch of the dungeon, and saw 4 of its levels.

You collected 145 gold pieces.

Inventory:

Hand Weapons
 i - a +0 dagger
 u - a +2 whip of electrocution (weapon)
Armour
 a - a +0 robe (worn)
 f - a +2 large shield
Jewellery
 n - a +2 ring of intelligence (left hand)
 r - an amulet of faith (around neck)
Wands
 p - a wand of confusion (37/48)
 s - a wand of polymorph (14/24)
Scrolls
 d - 3 scrolls of identify {unknown}
 e - a scroll of blinking {unknown}
 g - a scroll of magic mapping {unknown}
 j - 2 scrolls of random uselessness {unknown}
 l - a scroll of fog {unknown}
 m - 3 scrolls of remove curse {unknown}
 q - 3 scrolls of teleportation {unknown}
 t - a scroll of recharging {unknown}
Potions
 k - a potion of lignification {unknown}
Books
 b - a book of Conjurations

   Spells                             Type                      Level
   a - Magic Dart                     Conjuration                  1
   b - Searing Ray                    Conjuration                  2
   c - Dazzling Spray                 Conjuration/Hexes            3
   d - Fulminant Prism                Conjuration/Hexes            4
   e - Force Lance                    Conjuration/Translocation    4
   f - Iskenderun's Mystic Blast      Conjuration                  4
Comestibles
 c - a bread ration
 o - 3 meat rations
 v - a chunk of flesh


   Skills:
 + Level 2.8 Dodging
 + Level 3.0 Stealth
 + Level 5.4 Spellcasting
 + Level 5.8 Conjurations


You had 6 spell levels left.
You knew the following spells:

 Your Spells              Type           Power        Failure   Level  Hunger
a - Magic Dart            Conj           ####         1%          1    None
b - Dazzling Spray        Conj/Hex       ###...       9%          3    ##.....
c - Iskenderun's Mystic   Conj           ####....     8%          4    ####...


Dungeon Overview and Level Annotations

Branches:
Dungeon (4/15)
 Temple: D:4-7

Altars:
Xom


Message History

Casting: Magic Dart
Confirm with . or Enter, or press ? or * to list all spells.
Aiming: Dazzling Spray
Press: ? - help, Shift-Dir - straight line, f/p - scorpion
Aim: a scorpion (lightly wounded)
The spray of energy misses the scorpion.
The scorpion stings you.
Casting: Dazzling Spray
Confirm with . or Enter, or press ? or * to list all spells.
Aiming: Magic Dart
Press: ? - help, Shift-Dir - straight line, f/p - scorpion
Aim: a scorpion (lightly wounded)
The magic dart hits the scorpion.
The scorpion is moderately wounded.
The scorpion stings you.
* * * LOW HITPOINT WARNING * * *
You closely miss the scorpion.
The scorpion is moderately wounded.
The scorpion stings you!
You die...

# ####....###..#.##.# #.(...... #
#....#..###.......####...#####
#....#.......#....)..(........ #
#..#####.#####................ #
#....#...# #................. #
#....#.### #..#######.......( ##
####...# #..# #...####. .# ##.##
#s.# #...# #.> .# #.# #@.## #...#
#.. .# #.#######...# #...###.. .#
#...........# #........ .#
##.######...## #....###. .####
##.#.####.....######.#.###.
....###.###.##...................
###....## ##.##.....########.##..
#####.###.####...## #(......
##.#)## ##.## #.#.....


You could see a scorpion.

Vanquished Creatures
  An orc priest (D:3)
  An orc wizard (D:3)
  3 adders
  2 oozes (D:3)
  5 worms
  A dart slug (D:2)
  A leopard gecko (D:2)
  7 orcs
  4 bats
  2 giant cockroaches
  A goblin (D:1)
  5 hobgoblins
  10 jackals
  2 quokkas (D:3)
  3 ball pythons
  5 frilled lizards
  5 kobolds
  11 rats
69 creatures vanquished.

Notes
Turn   | Place    | Note
-------+----------+-------------------------------------------
     0 | D:1      | dest the Deep Elf Conjurer began the quest for the Orb.
     0 | D:1      | Reached XP level 1. HP: 10/10 MP: 6/6
   577 | D:1      | Reached XP level 2. HP: 15/15 MP: 6/8
  1156 | D:2      | Reached skill level 5 in Conjurations
  1323 | D:2      | Reached XP level 3. HP: 19/19 MP: 5/10
  1366 | D:2      | Learned a level 3 spell: Dazzling Spray
  1987 | D:3      | Found a shimmering altar of Xom.
  2240 | D:3      | Reached XP level 4. HP: 21/24 MP: 3/12
  2593 | D:3      | Learned a level 4 spell: Iskenderun's Mystic Blast
  2747 | D:3      | Reached skill level 5 in Spellcasting
  2747 | D:3      | Reached XP level 5. HP: 28/28 MP: 7/14
  3589 | D:3      | Slain by a scorpion

Skill      XL: |  1  2  3  4  5 |
---------------+----------------+-----
Conjurations   | 5 |  5.8
Spellcasting   | 4 5 |  5.4
Stealth        | 3 |  3.0
Dodging        | |  2.8

Action                   |  1- 3 |  4- 6 || total
-------------------------+-------+-------++-------
Melee: Whip              |       |     2 ||     2
 Cast: Magic Dart        |    90 |    70 ||   160
       Dazzling Spray    |     1 |     3 ||     4
  Use: Potion            |     1 |     1 ||     2
  Eat: Chunk             |     4 |     4 ||     8
Armor: Robe              |     2 |     2 ||     4
Dodge: Dodged            |     4 |    15 ||    19
